Map: Para Site LE

Players

Neeb - Winner!

  • Race: Protoss Protoss
  • League: Master
  • Spawn Location: 5:00

herO

  • Race: Protoss Protoss
  • Spawn Location: 11:00

Event: IEM Season 13 - Katowice Server Qualifiers America

VOD

Have the link to the VOD?

Description

Time

  • Played on: Jan. 6, 2019, 4:17 p.m.
  • Length: 10:21

All games in this series

Show
View Real Time Build Order
Export as new Build Order

Neeb Protoss - Winner!

Build Orders: Oracle Opening, Phoenix Opening, Zealot Archon 

Get SALT Encoding   

  12  0:00  Probe  
  13  0:12  Probe  
  14  0:16  Pylon  
  14  0:23  Probe  
  15  0:31  Probe  
  16  0:37  Gateway  
  16  0:39  Probe  
  16  0:45  Assimilator  
  17  0:50  Probe  
  17  0:54  Assimilator  
  18  0:59  Probe  
  19  1:07  Probe, Gateway  
  20  1:17  Probe  
  20  1:25  Cybernetics Core  
  21  1:29  Probe  
  22  1:34  Pylon  
  22  1:41  Probe  
  23  1:54  Probe  
  24  2:03  Sentry, Stalker  
  24  2:04  Warp Gate  
  24  2:06  Probe  
  29  2:12  Pylon  
  29  2:24  Pylon  
  29  2:31  Stargate, Probe  
  23  2:37  Phoenix  
  30  2:45  Nexus  
  30  2:49  Probe  
  31  2:59  Stalker  
  31  3:01  Probe  
  34  3:09  Oracle  
  34  3:13  Probe  
  34  3:15  Pylon  
  37  3:25  Probe  
  39  3:37  Oracle, Probe  
  43  3:49  Probe  
  44  3:56  Shield Battery  
  44  3:58  Probe  
  44  4:01  Probe  
  46  4:06  Adept x2  
  46  4:09  Robotics Facility  
  50  4:10  Probe  
  50  4:13  Probe  
  52  4:22  Probe, Pylon  
  53  4:25  Probe, Assimilator  
  53  4:29  Assimilator  
  54  4:31  Adept x2  
  54  4:36  Probe  
  54  4:38  Probe  
  57  4:49  Probe  
  57  4:50  Probe  
  57  4:51  Pylon  
  57  4:53  Pylon  
  57  5:00  Observer  
  57  5:02  Probe, Twilight Council  
  57  5:03  Probe  
  57  5:05  Forge  
  60  5:13  Immortal  
  57  5:14  Probe  
  57  5:15  Probe  
  57  5:18  Protoss Ground Weapons Level 1  
  59  5:26  Probe  
  59  5:27  Probe, Pylon  
  65  5:38  Charge  
  65  5:39  Probe  
  66  5:47  Gateway  
  66  5:48  Gateway  
  66  5:53  Immortal  
  70  6:00  Gateway  
  70  6:02  Gateway  
  70  6:05  Gateway  
  70  6:13  Templar Archives  
  70  6:18  Nexus  
  70  6:25  Gateway  
  70  6:26  Pylon  
  70  6:27  Immortal  
  70  6:38  Protoss Ground Weapons Level 2  
  74  6:44  Zealot x3  
  80  6:48  Pylon  
  80  7:03  High Templar  
  80  7:04  High Templar x2  
  80  7:05  Zealot x4  
  94  7:10  Archon, Photon Cannon  
  94  7:16  Photon Cannon  
  94  7:23  High Templar  
  94  7:28  Archon  
  94  7:29  Zealot x2  
  100  7:33  Zealot x2  
  102  7:42  Warp Prism, Zealot x3  
  108  7:59  High Templar  
  108  8:00  High Templar, Zealot x2  
  108  8:04  Archon  
  108  8:05  Pylon  
  116  8:07  Zealot x2  
  120  8:14  Pylon  
  120  8:22  High Templar x2  
  120  8:23  Zealot x2  
  120  8:26  Archon  
  128  8:28  Pylon  
  128  8:49  High Templar x2, Zealot  
  128  8:50  Zealot x3  
  128  8:53  Archon, Pylon  
  140  8:55  Zealot  
  140  8:57  Zealot  
  144  9:13  Pylon  
  144  9:16  High Templar x2  
  148  9:17  Zealot x3  
  148  9:21  Archon  
  148  9:22  Zealot x3  
  132  9:38  Zealot x3  
  132  9:42  Zealot x2  
  132  9:43  Zealot  
  136  10:02  Zealot x3  
  136  10:03  Zealot x5  
Show
View Real Time Build Order
Export as new Build Order

herO Protoss 

Build Orders: Phoenix Opening 

Get SALT Encoding   

  12  0:00  Probe  
  13  0:13  Probe  
  14  0:17  Pylon  
  14  0:24  Probe  
  15  0:32  Probe  
  15  0:37  Gateway  
  15  0:40  Probe  
  16  0:47  Assimilator  
  17  0:50  Probe  
  17  0:54  Assimilator  
  18  0:58  Probe  
  19  1:06  Probe  
  19  1:07  Gateway  
  20  1:17  Probe  
  20  1:24  Cybernetics Core  
  21  1:29  Probe  
  22  1:34  Pylon  
  22  1:42  Probe  
  23  1:51  Warp Gate  
  23  1:54  Probe  
  24  2:01  Sentry, Stalker  
  28  2:12  Pylon  
  32  2:37  Sentry  
  32  2:38  Sentry, Phoenix  
  32  2:42  Nexus  
  32  2:50  Pylon  
  32  3:03  Stalker x2  
  36  3:06  Probe  
  37  3:16  Pylon  
  37  3:18  Probe  
  38  3:31  Probe  
  39  3:36  Twilight Council  
  39  3:39  Forge  
  39  3:43  Probe  
  40  3:54  Adept x2  
  45  3:55  Probe  
  45  3:56  Probe  
  46  4:07  Probe  
  46  4:08  Probe  
  48  4:15  Protoss Ground Weapons Level 1, Blink  
  48  4:26  Stalker  
  48  4:30  Stalker  
  52  4:32  Probe  
  52  4:33  Probe  
  49  4:48  Probe x2  
  49  4:52  Stalker  
  52  4:58  Phoenix  
  47  5:00  Probe x2  
  47  5:08  Probe x2  
  49  5:16  Probe x2  
  51  5:26  Probe x2  
  52  5:34  Probe x2  
  53  5:38  Nexus  
  53  5:42  Probe x2, Pylon  
  55  5:48  Stalker  
  59  5:52  Protoss Ground Weapons Level 2  
  59  5:53  Probe x2  
  61  6:00  Robotics Facility  
  61  6:05  Probe x2  
  61  6:06  Charge  
  63  6:19  Gateway x2  
  63  6:21  Probe  
  63  6:23  Probe  
  65  6:34  Gateway  
  65  6:35  Gateway, Probe x2  
  65  6:38  Immortal  
  65  6:39  Gateway  
  67  6:42  Pylon  
  67  6:45  Phoenix  
  71  6:54  Sentry, Zealot  
  71  6:58  Shield Battery  
  75  7:07  Gateway  
  75  7:08  Immortal, Shield Battery  
  75  7:20  Zealot x3  
  85  7:25  Zealot  
  85  7:32  Shield Battery  
  85  7:40  Zealot x4  
  92  7:53  Warp Prism  
  92  7:55  Templar Archives  
  92  7:56  Pylon  
  93  7:58  Pylon  
  93  8:00  Gateway  
  93  8:18  Zealot x3  
  102  8:25  Pylon  
  102  8:26  Pylon  
  99  8:27  Pylon  
  99  8:30  Observer, Zealot x2  
  99  8:31  Zealot x2  
  108  8:42  Pylon  
  108  8:45  Pylon  
  108  8:48  High Templar x2  
  108  8:50  Zealot x2  
  108  8:51  Zealot  
  108  8:54  Archon, Zealot  
  108  8:55  Zealot  
  122  9:04  Zealot  
  124  9:12  Zealot x3  
  104  9:25  Zealot x5  
  101  9:37  High Templar x2, Zealot  
  107  9:42  Archon  
  105  9:45  Zealot x2  
  105  9:46  Zealot x3  
  97  10:06  Zealot x6  

Tags
 
Add a new tag
Caveats
  • Supply blocks, unpowered buildings, or Contaminate may cause inaccurate times.
  • Supply counts are checked every 10 seconds.